 Dungeon Crawl Stone Soup version 0.19.1 (webtiles) character file.

71577 Monsterracer the Severer (level 14, -1/135 HPs)
             Began as a Minotaur Berserker on Dec 13, 2016.
             Was a High Priest of Trog.
             Slain by an orc warlord
             ... wielding a +3 war axe
              (37 damage)
             ... on level 2 of the Orcish Mines on Dec 14, 2016.
             The game lasted 00:51:07 (18707 turns).

Monsterracer the Severer (Minotaur Berserker)      Turns: 18707, Time: 00:51:08

Health: -1/135     AC: 22    Str: 22    XL:     14   Next: 98%
Magic:  13/13      EV: 14    Int:  6    God:    Trog [*****.]
Gold:   1862       SH:  0    Dex: 23    Spells: 0 memorised, 13 levels left

rFire  + . .     SeeInvis .     M - +3 executioner's axe (elec)
rCold  . . .     Gourm    .     S - +4 chain mail {rF+}
rNeg   . . .     Faith    .     (shield currently unavailable)
rPois  +         Spirit   .     (helmet restricted)
rElec  .         Reflect  .     a - +0 cloak
rCorr  .         Harm     .     T - +1 pair of gloves {Dex+3}
MR     +....                    (no boots)
Stlth  ..........               t - amulet of regeneration
                                l - ring of poison resistance
                                R - +5 ring of dexterity

@: lethally poisoned (-1 -> -1), starving
A: retaliatory headbutt, beak, horns 2, camouflage 1, clever 1, shaggy fur 1
a: Berserk, Trog's Hand, Brothers in Arms, Burn Spellbooks, Renounce Religion


You were on level 2 of the Orcish Mines.
You worshipped Trog.
Trog was extremely pleased with you.
You were starving.

You visited 3 branches of the dungeon, and saw 20 of its levels.
You also visited: Labyrinth and Ice Cave.

You collected 1862 gold pieces.

Inventory:

Hand Weapons
 M - a +3 executioner's axe of electrocution (weapon)
Armour
 a - a +0 cloak (worn)
 P - a +1 cloak of invisibility
 S - a +4 chain mail of fire resistance (worn)
 T - a +1 pair of gloves of dexterity (worn)
Jewellery
 l - a ring of poison resistance (right hand)
 t - an amulet of regeneration (around neck)
 u - an uncursed ring of protection from cold
 x - an uncursed ring of protection from magic
 A - an uncursed ring of protection from magic
 D - an uncursed ring of protection from cold
 G - an uncursed ring of see invisible
 R - a +5 ring of dexterity (left hand)
Wands
 n - a wand of flame (48/48)
 o - a wand of heal wounds (7/9)
 r - a wand of confusion (42/48)
 v - a wand of flame (20/48)
 z - a wand of lightning (7/15)
 H - a wand of acid (9/15)
 I - a wand of lightning (8/15)
 J - a wand of lightning (4/15)
 K - a wand of slowing (17/48)
 L - a wand of heal wounds (3/9)
 O - a wand of confusion (28/48)
Scrolls
 f - 4 scrolls of enchant armour
 g - 3 scrolls of blinking
 h - 3 scrolls of remove curse
 m - 5 scrolls of teleportation
 p - 2 scrolls of enchant weapon
 q - 9 scrolls of magic mapping
 y - 17 scrolls of identify
 C - a scroll of silence
 E - a scroll of recharging
 U - a scroll of fog
Potions
 b - 12 potions of curing
 d - 2 potions of heal wounds
 e - a potion of berserk rage
 i - 4 potions of agility
 j - 7 potions of flight
 k - 3 potions of might
 N - 2 potions of cure mutation
 Q - a potion of invisibility
Comestibles
 c - 12 bread rations
 s - 22 fruits
 w - 8 meat rations
 B - 10 slices of pizza
 F - a beef jerky


   Skills:
 + Level 15.0 Fighting
 * Level 20.7 Axes
 + Level 14.7 Armour
 - Level 8.0 Dodging


You had 13 spell levels left.
You didn't know any spells.

Dungeon Overview and Level Annotations

Branches:
Dungeon (12/15)            Temple (0/1) D:6            Lair (6/6) D:9
 Shoals (0/4) Lair:4       Spider (0/4) Lair:4        Slime (0/5) Lair:6
    Orc (2/2) D:12
    Elf: Orc:2

Altars:
Elyvilon
Fedhas
Nemelex Xobeh
Okawaru
Ru
The Shining One
Beogh

Shops:
D:10 [

Annotations:
D:10 1432


Innate Abilities, Weirdness & Mutations

You reflexively headbutt those who attack you in melee.
You have a pair of horns on your head.
You have a beak for a mouth.
Your skin changes colour to match your surroundings (Stealth+).
Your mind is acute. (Int +2)
You are covered in fur. (AC +1)


Message History

Trog accepts your kill.
Your Fighting skill increases to level 15!
An orc priest comes into view. It is wielding a club.
You slash the orc warlord!
The orc warlord is lightly wounded.
You slash something! Trog accepts your kill.
Trog appreciates your killing of a magic user.
Reactivating autopickup.
You feel a bit more experienced.
Your chain mail prevents you from hitting the orc knight.
The orc warlord hits you but does no damage.
The orc priest invokes the aid of Beogh against you.
Beogh smites you!
* * * LOW HITPOINT WARNING * * *
The orc knight hits you with a war axe!
* * * LOW HITPOINT WARNING * * *
You feel much better.
You feel sick.
The orc warlord hits you with an enchanted war axe!!!
You die...

##.........###
##........# ..
##.......# ...
###..)..# ....
###.### #.... #.)[.#
......
#.#.)))#####......
#.....))).8o.......
##........@oo......
#.#......)))T..._.
...................
#.#..#.....8......o.
.........#####......
....#...# ......
...... .#.... ....
##....


You could see an orc warlord, an orc knight, an orc priest, an orc wizard and a
friendly iron troll (berserk).

Vanquished Creatures
  Kirke (D:12)
  A frost giant (IceCv)
  Snorg (Lair:5)
  A minotaur (Lab)
  Erolcha (D:10)
  An ice dragon (Lair:5)
  A centaur warrior (D:10)
  3 catoblepae (Lair:6)
  14 death yaks
  The ghost of Philosophy the Carver, a novice VSFi of Elyvilon (D:8)
  Pikel (D:4)
  3 hill giants
  3 orc knights
  An orb spider (Lair:4)
  2 ugly things
  A cyclops (D:10)
  An orc sorcerer (Orc:2)
  A manticore (D:12)
  12 elephants
  An ice statue (IceCv)
  Maurice (D:10)
  9 black mambas
  Psyche (D:9)
  12 spiny frogs
  A torpor snail (Lair:6)
  3 rime drakes
  6 komodo dragons
  2 two-headed ogres
  4 trolls
  21 polar bears
  Prince Ribbit (D:5)
  2 dream sheep (D:8)
  8 blink frogs
  10 hippogriffs
  5 slime creatures (D:12)
  35 yaks
  6 basilisks
  2 wyverns
  Eustachio (D:5)
  A hog (D:12)
  Edmund (D:5)
  A hungry ghost (D:11)
  A steam dragon (D:10)
  Menkaure (D:6)
  2 wargs (Orc:2)
  13 water moccasins
  15 orc warriors
  7 porcupines
  3 sky beasts
  4 black bears
  5 ice beasts
  2 slaves (D:4)
  3 phantoms
  9 ogres
  3 centaurs
  29 wolves
  7 crocodiles
  4 big kobolds
  Blork the orc (D:5)
  A wyvern zombie (D:6)
  14 bullfrogs
  2 scorpions
  22 killer bees
  34 wights
  2 howler monkeys
  13 crimson imps
  A bullfrog zombie (D:8)
  4 quasits
  A hound (D:6)
  13 orc priests
  2 centaur skeletons
  2 gnoll shamans
  17 jellies
  19 orc wizards
  3 bullfrog skeletons
  3 iguanas
  9 worker ants
  A killer bee zombie (D:10)
  A hound zombie (D:6)
  A hound skeleton (D:9)
  A worker ant zombie (D:8)
  Robin (D:3)
  3 howler monkey zombies
  16 gnolls
  15 adders
  A howler monkey skeleton (D:4)
  2 shadow imps
  An adder zombie (D:8)
  2 adder skeletons
  3 worms (D:2)
  2 dart slugs
  10 leopard geckos
  53 orcs
  2 ball pythons
  3 giant cockroaches
  12 hobgoblins
  11 jackals
  10 quokkas
  5 bats
  10 frilled lizards
  14 goblins
  12 kobolds
  2 quokka skeletons
  9 rats
  5 fungi
  6 plants
669 creatures vanquished.

Vanquished Creatures (collateral kills)
  3 hydras
  An orc high priest (Orc:2)
  An orc sorcerer (Orc:2)
  A blink frog (Lair:5)
  4 orc warriors (Orc:2)
  A big kobold (D:8)
  A jelly (Lair:6)
  2 orc wizards (Orc:2)
  An orc (Orc:2)
15 creatures vanquished.

Vanquished Creatures (others)
  A human (D:12)
  3 orcs (D:12)
  14 fungi
  7 plants (Lair:6)
25 creatures vanquished.

Grand Total: 709 creatures vanquished

Notes
Turn   | Place    | Note
-------+----------+-------------------------------------------
     0 | D:1      | Monsterracer the Minotaur Berserker began the quest for the Orb.
     0 | D:1      | Reached XP level 1. HP: 19/19 MP: 0/0
   159 | D:1      | Reached skill level 4 in Axes
   320 | D:1      | Reached XP level 2. HP: 26/26 MP: 1/1
   927 | D:2      | Reached skill level 5 in Axes
   927 | D:2      | Reached XP level 3. HP: 31/31 MP: 2/2
  1382 | D:2      | Reached ** piety under Trog
  1854 | D:3      | Reached skill level 6 in Axes
  1854 | D:3      | Reached XP level 4. HP: 39/39 MP: 3/3
  2152 | D:3      | Noticed an ice beast
  2160 | D:3      | HP: 1/58 [ice beast (11)]
  2161 | D:3      | Killed an ice beast
  2161 | D:3      | Reached skill level 7 in Axes
  2161 | D:3      | Reached XP level 5. HP: 1/45 MP: 4/4
  2423 | D:3      | Noticed Robin
  2433 | D:3      | Killed Robin
  2810 | D:3      | Reached skill level 8 in Axes
  2911 | D:4      | Reached *** piety under Trog
  2911 | D:4      | Reached XP level 6. HP: 48/51 MP: 5/5
  3409 | D:4      | Reached XP level 7. HP: 55/59 MP: 6/6
  3489 | D:4      | Found an iron altar of Okawaru.
  3493 | D:4      | Noticed Pikel
  3505 | D:4      | Killed Pikel
  3505 | D:4      | Reached skill level 5 in Fighting
  3505 | D:4      | Reached skill level 9 in Axes
  3505 | D:4      | Reached XP level 8. HP: 68/68 MP: 7/7
  3525 | D:4      | Got a scorched mace {elec}
  3526 | D:4      | Identified the +10 mace of Regicide {elec, Dex+4} (You took it off an orc wizard on level 4 of the Dungeon)
  3860 | D:5      | Entered Level 5 of the Dungeon
  3878 | D:5      | Reached skill level 10 in Axes
  3905 | D:5      | Noticed Prince Ribbit
  3918 | D:5      | Killed Prince Ribbit
  4009 | D:5      | Noticed Eustachio
  4014 | D:5      | Reached skill level 5 in Armour
  4044 | D:5      | Killed Eustachio
  4197 | D:5      | Found a glowing golden altar of the Shining One.
  4198 | D:5      | Found a sacrificial altar of Ru.
  4299 | D:5      | Found a sparkling altar of Nemelex Xobeh.
  4383 | D:5      | Reached skill level 5 in Dodging
  4727 | D:5      | Noticed Blork the orc
  4736 | D:5      | Killed Blork the orc
  4854 | D:5      | Noticed Edmund
  4856 | D:5      | Reached skill level 11 in Axes
  4866 | D:5      | Killed Edmund
  4866 | D:5      | Reached XP level 9. HP: 75/75 MP: 8/8
  5043 | D:6      | Reached **** piety under Trog
  5073 | D:6      | Noticed Menkaure
  5079 | D:6      | Killed Menkaure
  5424 | D:6      | Found a staircase to the Ecumenical Temple.
  5682 | D:6      | Reached skill level 12 in Axes
  5712 | D:6      | Reached ***** piety under Trog
  6359 | D:7      | Reached XP level 10. HP: 88/88 MP: 9/9
  6538 | D:7      | Identified a scroll of acquirement
  7034 | D:7      | Received a gift from Trog
  7352 | D:8      | Noticed Philosophy's ghost (novice VSFi)
  7364 | D:8      | Killed Philosophy's ghost
  7480 | D:8      | Reached skill level 13 in Axes
  7766 | D:8      | Noticed a three-headed hydra
  7776 | D:8      | Killed a three-headed hydra
  7847 | D:8      | Reached XP level 11. HP: 97/97 MP: 10/10
  8029 | D:9      | Noticed Psyche
  8032 | D:9      | Found a staircase to the Lair.
  8057 | D:9      | Killed Psyche
  8148 | D:9      | Gained mutation: Your mind is acute. (Int +2) [potion of beneficial mutation]
  8209 | D:9      | Reached skill level 14 in Axes
  8310 | D:9      | Found a white marble altar of Elyvilon.
  8811 | D:10     | Entered Level 10 of the Dungeon
  8838 | Lair:1   | Entered Level 1 of the Lair of Beasts
  9304 | Lair:1   | Reached skill level 10 in Armour
  9710 | Lair:2   | Reached skill level 10 in Fighting
 10406 | Lair:3   | Reached skill level 15 in Axes
 11283 | Lair:4   | Reached XP level 12. HP: 110/110 MP: 11/11
 11328 | Lair:4   | Found a staircase to the Shoals.
 11473 | Lair:4   | Found a hole to the Spider Nest.
 11492 | Lair:4   | Reached skill level 16 in Axes
 12261 | Lair:5   | Noticed Snorg
 12272 | Lair:5   | Killed Snorg
 12316 | Lair:5   | Found a frozen archway.
 12318 | Lair:5   | Noticed an ice dragon
 12319 | Lair:5   | Received a gift from Trog
 12355 | Lair:5   | Killed an ice dragon
 12451 | IceCv    | Entered an ice cave
 12643 | IceCv    | Reached skill level 17 in Axes
 12965 | IceCv    | Noticed a death yak
 12980 | IceCv    | Killed a death yak
 12980 | IceCv    | Reached XP level 13. HP: 119/119 MP: 12/12
 13057 | IceCv    | Noticed a frost giant
 13073 | IceCv    | Killed a frost giant
 13391 | Lair:5   | Reached skill level 18 in Axes
 13398 | Lair:5   | Received a gift from Trog
 14304 | Lair:6   | Entered Level 6 of the Lair of Beasts
 14816 | Lair:6   | Reached skill level 19 in Axes
 14872 | Lair:6   | Reached XP level 14. HP: 48/130 MP: 13/13
 15159 | Lair:6   | Identified the Catalogue of Poisonous Summoning
 15650 | Lair:6   | Found a staircase to the Slime Pits.
 16336 | D:10     | Noticed Maurice
 16345 | D:10     | Killed Maurice
 16401 | D:10     | Noticed Erolcha
 16409 | D:10     | Killed Erolcha
 16455 | D:10     | Gained mutation: You have a beak for a mouth. [potion of mutation]
 16455 | D:10     | Gained mutation: You are covered in fur. (AC +1) [potion of mutation]
 16455 | D:10     | Gained mutation: Your skin changes colour to match your surroundings (Stealth+). [potion of mutation]
 16611 | D:10     | Found Niunnax's Armour Emporium.
 16721 | D:10     | Found a blossoming altar of Fedhas.
 16733 | D:10     | Reached skill level 20 in Axes
 17049 | D:11     | Found a labyrinth entrance.
 17058 | Lab      | Entered a labyrinth
 17388 | D:11     | Received a gift from Trog
 17966 | D:12     | Noticed Kirke
 17976 | D:12     | Killed Kirke
 18064 | D:12     | Found a staircase to the Orcish Mines.
 18194 | Orc:1    | Entered Level 1 of the Orcish Mines
 18348 | Orc:1    | Reached ****** piety under Trog
 18570 | Orc:2    | Entered Level 2 of the Orcish Mines
 18668 | Orc:2    | Received a gift from Trog
 18691 | Orc:2    | Found a roughly hewn altar of Beogh.
 18696 | Orc:2    | Noticed an orc warlord
 18705 | Orc:2    | Reached skill level 15 in Fighting
 18707 | Orc:2    | Slain by an orc warlord

Skill      XL: |  1  2  3  4  5  6  7  8  9 10 11 12 13 14 |
---------------+-------------------------------------------+-----
Axes           | 4 5 6 7 8 9 11 12 13 15 17 19 20 | 20.7
Fighting       | 4 5 6 8 9 11 12 13 15 | 15.0
Armour         | 3 4 5 8 9 10 12 13 14 | 14.7
Dodging        | 4 5 6 7 8 |  8.0

Action                   |  1- 3 |  4- 6 |  7- 9 | 10-12 | 13-15 || total
-------------------------+-------+-------+-------+-------+-------++-------
Melee: Hand axe          |    93 |   110 |   377 |    14 |       ||   594
       Headbutt          |     3 |    21 |    73 |   122 |   138 ||   357
       Battleaxe         |       |       |       |   552 |    48 ||   600
       Executioner's axe |       |       |       |       |   547 ||   547
       Peck              |       |       |       |       |    69 ||    69
Invok: Berserk           |     2 |     3 |     5 |     5 |     3 ||    18
       Trog's Hand       |       |     1 |       |     4 |     5 ||    10
       Burn Spellbooks   |       |       |       |     4 |     2 ||     6
       Brothers in Arms  |       |       |       |     1 |     7 ||     8
  Use: Potion            |     6 |       |     4 |     3 |     7 ||    20
       Scroll            |       |       |    16 |     6 |     4 ||    26
  Eat: Chunk             |     4 |     7 |    10 |    25 |    18 ||    64
       Bread ration      |       |       |     1 |       |     1 ||     2
       Beef jerky        |       |       |       |     2 |       ||     2
       Royal jelly       |       |       |       |       |     1 ||     1
       Meat ration       |       |       |       |       |     1 ||     1
Armor: Animal skin       |     3 |       |       |       |       ||     3
       Ring mail         |    18 |    34 |   144 |    78 |       ||   274
       Plate armour      |       |       |       |   184 |   299 ||   483
       Chain mail        |       |       |       |       |   115 ||   115
Dodge: Dodged            |    60 |    56 |   227 |   366 |   351 ||  1060
